 Dungeon Crawl Stone Soup version 0.28-a0-773-g130ae17fe5 (webtiles) character file.

Game seed: 5145999701109225914

1480 jasper the Insei (level 8, -3/61 HPs)
             Began as a Demonspawn Hedge Wizard on Nov 2, 2021.
             Was a Believer of Okawaru.
             Slain by a gnoll (8 damage)
             ... on level 7 of the Dungeon.
             The game lasted 00:08:17 (6769 turns).

jasper the Insei (Demonspawn Hedge Wizard)          Turns: 6769, Time: 00:08:18

Health: -3/61      AC:  6    Str:  9    XL:     8   Next: 50%
Magic:  11/12      EV:  9    Int: 25    God:    Okawaru [**....]
Gold:   98         SH:  6    Dex: 13    Spells: 4/13 levels left

rFire   . . .      SeeInvis +     - Unarmed
rCold   . . .      Faith    .   h - +1 buckler
rNeg    . . .      Spirit   .   p - +0 scale mail
rPois   .          Reflect  .   c - +0 hat
rElec   .          Harm     .   (no cloak)
rCorr   +          Rampage  .   (no gloves)
Will    .....                   (no boots)
Stlth   ..........              k - amulet of the acrobat
HPRegen 0.20/turn               q - ring of resist corrosion
MPRegen 0.13/turn               (no ring)

@: hasted, unable to read, very quick
A: hooves 2, (demonic guardian 1), big brain 3, see invisible, clever 1, weak 1,
inability to read while threatened
a: Renounce Religion, Heroism


You were on level 7 of the Dungeon.
You worshipped Okawaru.
Okawaru was pleased with you.
You visited 2 branches of the dungeon, and saw 8 of its levels.

You collected 287 gold pieces.
You spent 189 gold pieces at shops.

Inventory:

Hand Weapons
 a - a +0 dagger
 j - a +2 short sword
Missiles
 d - 184 stones (quivered)
 m - a curare-tipped dart
 n - 17 poisoned darts
Armour
 b - a +0 robe
 c - a +0 hat (worn)
 g - a scarf of harm
 h - a +1 buckler (worn)
 p - a +0 scale mail (worn)
Jewellery
 k - an amulet of the acrobat (around neck)
 q - a ring of resist corrosion (left hand)
Scrolls
 e - 2 scrolls of magic mapping
 f - a scroll of teleportation
 r - 2 scrolls of holy word
Potions
 i - 3 potions of cancellation
 l - 2 potions of resistance


   Skills:
 + Level 4.5 Fighting
 - Level 0.9 Armour
 + Level 4.6 Dodging
 - Level 1.7 Stealth
 + Level 3.8 Shields
 * Level 6.0 Unarmed Combat
 - Level 3.0 Spellcasting
 - Level 1.0 Conjurations
 - Level 1.0 Summonings
 - Level 0.8 Translocations


You had 4 spell levels left.
You knew the following spells:

 Your Spells              Type           Power      Damage    Failure   Level
a - Magic Dart            Conj           32%        1d4       22%         1
b - Blink                 Tloc           16%        N/A       32%         2
c - Mephitic Cloud        Conj/Pois/Air  5%         N/A       61%         3
d - Vampiric Draining     Necr           3%         2d6       65%         3

Your spell library contained the following spells:

 Spells                   Type           Power      Damage    Failure   Level
 Pain                     Necr           12%        1d4       32%         1
 Slow                     Hex            12%        N/A       32%         1
 Conjure Flame            Conj/Fire      6%         6-21      58%         3
 Summon Small Mammal      Summ           Unusable   N/A       N/A         1
 Animate Skeleton         Necr           Unusable   N/A       N/A         1
 Call Imp                 Summ           Unusable   N/A       N/A         2
 Call Canine Familiar     Summ           Unusable   N/A       N/A         3
 Summon Guardian Golem    Hex/Summ       Unusable   N/A       N/A         3

Dungeon Overview and Level Annotations

Branches:
Dungeon (7/15)             Temple (1/1) D:4

Altars:
Cheibriados
Dithmenos
Gozag
Hepliaklqana
Kikubaaqudgha
Makhleb
Okawaru
Qazlal
Vehumet
Xom
Zin
The Shining One

Shops:
D:5 *

Annotations:
D:6 Maggie


Innate Abilities, Weirdness & Mutations

You have hoof-like feet.
((A weak demonic guardian rushes to your aid.))
You have an absolutely massive brain. (Int +6, Wiz)
You have supernaturally acute eyesight. (SInv)
Your mind is acute. (Int +2)
You are weak. (Str -2)
You sometimes lose the ability to read scrolls when taking damage.


Message History

Found a potion of heal wounds.
Found a stone staircase leading down.
The gnoll misses you.
Your scale mail prevents you from hitting the gnoll.
You block the gnoll's attack.
The gnoll shouts!
You punch the gnoll!
The gnoll is almost dead.
You hear a shout! x2
The gnoll closely misses you.
You hit the gnoll but do no damage. You kick the gnoll.
You kill the gnoll!
Okawaru accepts your kill. You block the gnoll's attack.
The gnoll closely misses you.
Your base Unarmed Combat skill increases to level 6!
You closely miss the gnoll.
You feel like a meek peon again. The gnoll closely misses you.
The gnoll hits you from afar with a +0 spear.
You take 3 damage, and have 19/61 hp.
You hit the gnoll but do no damage. You kick the gnoll.
The gnoll is heavily wounded.
The gnoll barely misses you.
The gnoll hits you from afar with a +0 spear.
You feel threatened and lose the ability to read scrolls!
* * * LOW HITPOINT WARNING * * *
You take 6 damage, and have 13/61 hp.
You hit the gnoll but do no damage.
The gnoll is heavily wounded.
You hit the gnoll. Your kick misses the gnoll.
The gnoll is heavily wounded.
The gnoll hits you from afar with a +0 spear.
* * * LOW HITPOINT WARNING * * *
The gnoll barely misses you. The gnoll hits you with a +0 flail.
* * * LOW HITPOINT WARNING * * *
You take 9 damage, and have 5/61 hp.
Okay, then.
It was a potion of haste.
You feel yourself speed up. The gnoll hits you but does no damage.
The gnoll barely misses you. The gnoll hits you with a +0 flail!
You die...

............#...# #..
................# ###
#............#.# ###
##..........##.#####..
###.......))...#........
...........)....#...###
#.#.#....[.).....#.#....
.......)................
...?..)@................
.......g.......#.#.#....
.....gg.................
....................#...
......................##
............<..........#
...................###.#
...!##.>......###### ..
....#


You could see 3 gnolls.

Vanquished Creatures
  A centaur zombie (D:5)
  An ice beast (D:5)
  Duvessa (D:4)
  A centaur (D:7)
  A necrophage (D:5)
  A phantom (D:5)
  A kobold brigand (D:7)
  Dowan (D:4)
  2 scorpions
  A water moccasin skeleton (D:5)
  2 hounds
  A centaur skeleton (D:4)
  3 bullfrog skeletons
  2 iguanas
  An orc wizard (D:6)
  4 hound skeletons
  2 adders (D:3)
  A gnoll (D:7)
  A shadow imp (D:5)
  A white imp (D:5)
  An ufetubus (D:5)
  2 adder skeletons (D:4)
  A worm (D:2)
  2 dart slugs
  4 orcs
  11 endoplasms
  3 giant cockroaches
  A goblin (D:1)
  3 hobgoblins
  2 jackals (D:2)
  5 quokkas
  7 ball pythons
  3 bats
  A frilled lizard (D:1)
  10 kobolds
  7 rats
92 creatures vanquished.

Vanquished Creatures (others)
  A plant (D:6)
1 creature vanquished.

Grand Total: 93 creatures vanquished

Notes
Turn   | Place    | Note
-------+----------+-------------------------------------------
     0 | D:1      | jasper the Demonspawn Hedge Wizard began the quest for the
                  | Orb.
     0 | D:1      | Reached XP level 1. HP: 13/13 MP: 4/4
   425 | D:1      | Gained mutation: You have an unusually large brain. (Int
                  | +2) [demonic ancestry]
   425 | D:1      | Reached XP level 2. HP: 20/20 MP: 1/6
   664 | D:1      | Reached skill level 1 in Unarmed Combat
  1630 | D:1      | Found a faded altar of an unknown god.
  1796 | D:2      | Reached skill level 1 in Fighting
  1796 | D:2      | Gained mutation: You have large cloven feet. [demonic
                  | ancestry]
  1796 | D:2      | Reached XP level 3. HP: 21/26 MP: 1/7
  2850 | D:3      | Gained mutation: You have an extremely huge brain. (Int +4)
                  | [demonic ancestry]
  2850 | D:3      | Reached XP level 4. HP: 21/32 MP: 8/8
  3110 | D:3      | Reached skill level 2 in Unarmed Combat
  3264 | D:4      | Reached skill level 1 in Shields
  3357 | D:4      | Found a staircase to the Ecumenical Temple.
  3424 | Temple   | Entered the Ecumenical Temple
  3493 | Temple   | Became a worshipper of Warmaster Okawaru
  3641 | D:4      | Found a radiant altar of Vehumet.
  3759 | D:4      | Gained mutation: A weak demonic guardian rushes to your
                  | aid. [demonic ancestry]
  3759 | D:4      | Reached XP level 5. HP: 25/38 MP: 9/9
  3924 | D:4      | Noticed Dowan
  3925 | D:4      | Noticed Duvessa
  3948 | D:4      | Killed Duvessa
  3949 | D:4      | Reached skill level 3 in Unarmed Combat
  3949 | D:4      | Gained mutation: You have an absolutely massive brain. (Int
                  | +6, Wiz) [demonic ancestry]
  3949 | D:4      | Reached XP level 6. HP: 35/46 MP: 10/10
  3955 | D:4      | Killed Dowan
  4199 | D:4      | Learned a level 2 spell: Blink
  4203 | D:4      | Learned a level 3 spell: Mephitic Cloud
  4256 | D:4      | Learned a level 3 spell: Vampiric Draining
  4673 | D:5      | Entered Level 5 of the Dungeon
  4717 | D:5      | Reached * piety under Okawaru
  4815 | D:5      | Gained mutation: You tend to lose your temper in combat.
                  | [potion of mutation]
  5059 | D:5      | Reached skill level 4 in Unarmed Combat
  5059 | D:5      | Reached XP level 7. HP: 32/52 MP: 11/11
  5322 | D:5      | Found a shadowy altar of Dithmenos.
  5343 | D:5      | Reached ** piety under Okawaru
  5674 | D:5      | Reached skill level 5 in Unarmed Combat
  5724 | D:5      | Lost mutation: You tend to lose your temper in combat.
                  | [potion of mutation]
  5724 | D:5      | Gained mutation: You are weak. (Str -2) [potion of
                  | mutation]
  5724 | D:5      | Gained mutation: You have hoof-like feet. [potion of
                  | mutation]
  5724 | D:5      | Gained mutation: You expend magic power (3 MP) to
                  | strengthen your wands. [potion of mutation]
  5783 | D:5      | Lost mutation: You are weak. (Str -2) [potion of mutation]
  5783 | D:5      | Lost mutation: You have hoof-like feet. [potion of
                  | mutation]
  5783 | D:5      | Lost mutation: You expend magic power (3 MP) to strengthen
                  | your wands. [potion of mutation]
  5783 | D:5      | Gained mutation: You have supernaturally acute eyesight.
                  | (SInv) [potion of mutation]
  5783 | D:5      | Gained mutation: You are weak. (Str -2) [potion of
                  | mutation]
  5783 | D:5      | Gained mutation: You sometimes lose the ability to read
                  | scrolls when taking damage. [potion of mutation]
  5783 | D:5      | Gained mutation: Your mind is acute. (Int +2) [potion of
                  | mutation]
  5822 | D:5      | Gained mutation: You have hoof-like feet. [demonic
                  | ancestry]
  5822 | D:5      | Reached XP level 8. HP: 9/60 MP: 10/12
  6092 | D:5      | Found Syemepon's Assorted Antiques.
  6095 | D:5      | Bought a potion of heal wounds for 105 gold pieces
  6095 | D:5      | Bought a scroll of teleportation for 63 gold pieces
  6095 | D:5      | Bought a scroll labelled WUMIVOGHOESI for 21 gold pieces
  6142 | D:5      | Found an opulent altar of Gozag.
  6653 | D:6      | Noticed Maggie
  6765 | D:7      | Reached skill level 6 in Unarmed Combat
  6769 | D:7      | Slain by a gnoll

Illustrated notes

Levels and vault maps discovered:
D:1:      roderic_chinese_lattice_arrival, layout_basic,
          shapermc_ecumenical_altar_petra, serial_forest,
          infiniplex_forest_end_2, infiniplex_forest_lined_2,
          infiniplex_forest_clump_small, infiniplex_forest_join,
          infiniplex_forest_lined_4_way, infiniplex_forest_lined_2
D:2:      layout_rooms
D:3:      layout_rooms
D:4:      layout_basic, mainiacjoe_overflow_tiny_flanked, temple_pool_b,
          uniq_duvessa
D:5:      layout_basic, nicolae_dithmenos_shadow_blocks,
          nicolae_gozag_cash_rules_everything_around_me, zin_treasury,
          serial_shops, kennysheep_mini_moat
D:6:      layout_loops_ring, serial_bayou, serial_bayou_pond_d,
          serial_bayou_crossing, serial_bayou_pond_b, serial_bayou_pond_e,
          serial_bayou_shore_a, ebering_ghost_gozag, uniq_eustachio, uniq_maggie
D:7:      layout_rooms
Temple:   eino_temple_water

Skill      XL: |  1  2  3  4  5  6  7  8 |
---------------+-------------------------+-----
Dodging        | 2 3 4 |  4.6
Unarmed Combat | 1 2 3 4 5 6 |  6.0
Fighting       | 1 2 3 4 |  4.5
Shields        | 1 2 3 |  3.8
Armour         | |  0.9
Stealth        | |  1.7
Spellcasting   | |  3.0
Conjurations   | |  1.0
Summonings     | |  1.0
Translocations | |  0.8

Action                   |  1- 3 |  4- 6 |  7- 9 || total
-------------------------+-------+-------+-------++-------
Melee: Short sword       |    20 |       |       ||    20
       Unarmed           |    55 |   167 |   139 ||   361
       Kick              |    12 |    47 |    36 ||    95
Throw: Stone             |       |     5 |     8 ||    13
 Cast: Magic Dart        |    78 |     2 |       ||    80
Invok: Heroism           |       |       |     8 ||     8
  Use: Scroll            |     4 |     6 |     3 ||    13
       Potion            |     1 |     5 |     6 ||    12
 Stab: Invisible         |       |       |     2 ||     2
Armor: Robe              |     7 |       |       ||     7
       Scale mail        |    20 |    84 |    68 ||   172
       Skin              |     1 |    15 |       ||    16
Dodge: Dodged            |    49 |    69 |    88 ||   206
Block: Buckler           |     6 |    33 |    51 ||    90

Table legend: (Time is in decaauts)
 A = Elapsed time spent in this place.
 B = Non-inter-level travel time spent in this place.
 C = Inter-level travel time spent in this place.
 D = Time resting spent in this place.
 E = Time spent auto-exploring this place.
 F = Levels seen in this place.
 G = Mean time per level.
                   A        B        C        D        E       F      G
               +--------+--------+--------+--------+--------+-----+--------+
         Total |   6786 |   6637 |    149 |   1211 |   4425 |   8 |  848.2 |
       Dungeon |   6700 |   6567 |    133 |   1211 |   4383 |   7 |  957.1 |
        Temple |     86 |     70 |     16 |      0 |     42 |   1 |   86.0 |
               +--------+--------+--------+--------+--------+-----+--------+

Top non-repeatable levels by time:
     D:5: 1775 daAuts
     D:1: 1740 daAuts
     D:4: 1556 daAuts
     D:2: 759 daAuts
     D:3: 742 daAuts
     D:7: 93 daAuts
  Temple: 86 daAuts
     D:6: 32 daAuts
